 Dungeon Crawl Stone Soup version bcrawl-1.34.3 (webtiles) character file.

Game seed: 15383402351132414701

243115 KristoblXynda the Slasher (level 8, -1/71 HPs)
             Began as a Pale Draconian Gladiator on Oct 8, 2021.
             Slain by a wight
             ... wielding a +5 battleaxe of freezing
              (2 damage)
             ... on level 6 of the Dungeon.
             The game lasted 00:08:30 (5858 turns).

KristoblXynda the Slasher (DrGl)                    Turns: 5858, Time: 00:08:30

Health: -1/71      AC:  7    Str: 22    XL:     8   Next: 76%
Magic:  17/17      EV: 14    Int: 10    God:
Gold:   489        SH:  0    Dex: 13    Spells: 7/7 levels left

rFire    . . .     SeeInvis .   d - +3 short sword (speed)
rCold    . . .     Gourm    .   (no shield)
rNeg     . . .     Faith    .   (armour unavailable)
rPois    .         Spirit   .   b - +1 hat
rElec    .         Reflect  .   (no cloak)
rCorr    .         Harm     .   (no gloves)
MR       .....                  (no boots)
Stlth    +.........             (no amulet)
HPRegen  0.21/turn              h - ring of magical power
MPRegen  0.15/turn              (no ring)

@: mighty, short of breath, heavily drained
A: breathe steam, unfitting armour, cold-blooded, AC +6
a: Breathe Steam


You were on level 6 of the Dungeon.
You were not hungry.

You visited 2 branches of the dungeon, and saw 7 of its levels.

You collected 489 gold pieces.

Inventory:

Hand Weapons
 a - a +0 long sword
 d - a +3 short sword of speed (weapon)
Missiles
 c - 4 throwing nets {=f}
Armour
 b - a +1 hat (worn)
 k - a +1 buckler
Jewellery
 h - a ring of magical power (left hand)
Scrolls
 g - 2 scrolls of magic mapping
 j - 4 scrolls of enchant armour
 l - 3 scrolls of immolation
 o - 3 scrolls of enchant weapon
 t - a scroll of teleportation {unknown}
 u - a scroll of blinking
Potions
 f - a potion of haste
 m - 2 potions of brilliance
 n - 2 potions of heal wounds
 p - 2 potions of curing
 q - a potion of invisibility
 s - a potion of berserk rage {unknown}
Comestibles
 e - 12 rations {!d}
 i - 2 chunks of flesh


   Skills:
 + Level 6.9(5.6) Fighting
 * Level 7.4(6.1) Long Blades
 - Level 2.0(0.9) Throwing
 + Level 5.7(4.4) Dodging
 - Level 4.0(2.8) Shields


You had 7 spell levels left.
You didn't know any spells.
Your spell library contained the following spells:

 Spells                   Type           Power        Failure   Level  Hunger
 Throw Frost              Conj/Ice       #.....       22%         2    ####...
 Freeze                   Ice            #.....       36%         1    None
 Ozocubu's Armour         Chrm/Ice       #.......     75%         3    #####..
 Ice Form                 Ice/Tmut       #.......     98%         4    ######.
 Summon Ice Beast         Ice/Summ       #.......     98%         4    ######.
 Throw Icicle             Conj/Ice       #.......     98%         4    ######.


Dungeon Overview and Level Annotations

Branches:
Dungeon (6/12)             Temple (1/1) D:4

Altars:
Cheibriados
Elyvilon
Kikubaaqudgha
Lugonu
Makhleb
Qazlal
Sif Muna
Trog
Uskayaw
Vehumet
Wu Jian
Xom
Yredelemnul
Zin
The Shining One


Innate Abilities, Weirdness & Mutations

You can breathe blasts of scalding, opaque steam.
Your pale cyan-grey scales are hard. (AC +6)
You cannot fit into any form of body armour.
You are cold-blooded and may be slowed by cold attacks.


Message History

The wight is severely damaged.
The wight hits you with a +5 battleaxe of freezing!
* * * LOW HITPOINT WARNING * * *
The wight freezes you.
* * * LOW HITPOINT WARNING * * *
Press: ? - help, Shift-Dir - straight line, f - wight
Aim: a wight, wielding a +5 battleaxe of freezing and wearing a +0 robe (severely damaged)
You exhale a blast of scalding steam.
The ball of steam hits the wight.
The wight is almost destroyed.
The ball of steam hits the wight.
The wight is moderately damaged.
You feel slightly more hungry.
You feel yourself speed up.
The wight is engulfed in a cloud of scalding steam.
The wight hits you with a +5 battleaxe of freezing.
* * * LOW HITPOINT WARNING * * *
You feel drained.
* * * LOW HITPOINT WARNING * * *
The wight freezes you.
You die...

## #. #.# #.
#.###. ..#
#...# #..#
#..## #..#
##...# #..#
##...z##
#..###..###z##
# #.....##
##@## .#
##...## ##.#
..# #...# ##.#
...####...##
#.#
#....#.....##
..#
##..........#
..#
.......####..#
#..# ......##
#..# ..#
......# ##
.... .?


You could see 2 wights.

Vanquished Creatures
  A water moccasin (D:6)
  An ogre (D:4)
  A necrophage (D:5)
  A phantom (Temple)
  3 bullfrogs (D:6)
  A killer bee (D:4)
  A wight (D:6)
  An electric eel (D:6)
  An orc priest (D:4)
  A howler monkey (D:5)
  3 crimson imps
  2 centaur zombies
  2 hounds
  A centaur skeleton (D:5)
  4 orc wizards (D:4)
  4 worker ants
  Robin (D:2)
  6 adders
  An ooze (D:5)
  2 adder skeletons (D:4)
  4 worms
  3 dart slugs
  5 leopard geckos
  13 orcs
  A ball python (D:1)
  11 giant cockroaches
  25 goblins
  11 hobgoblins
  2 quokkas
  5 bats (D:1)
  6 frilled lizards
  A jackal skeleton (D:3)
  7 kobolds
  A quokka zombie (D:5)
  9 rats
142 creatures vanquished.

Notes
Turn   | Place    | Note
-------+----------+-------------------------------------------
     0 | D:1      | KristoblXynda the Draconian Gladiator began the quest for
                  | the Orb.
     0 | D:1      | Reached XP level 1. HP: 19/19 MP: 1/1
   251 | D:1      | Reached XP level 2. HP: 17/26 MP: 2/2
  1022 | D:2      | Reached XP level 3. HP: 32/33 MP: 3/3
  1258 | D:2      | Noticed Robin
  1299 | D:2      | Killed Robin
  1300 | D:2      | Reached skill level 1 in Shields
  1300 | D:2      | Reached XP level 4. HP: 17/40 MP: 4/4
  2214 | D:3      | Reached skill level 4 in Long Blades
  2604 | D:3      | Reached XP level 5. HP: 32/46 MP: 5/5
  3563 | D:4      | Reached XP level 6. HP: 49/53 MP: 6/6
  3953 | D:4      | Reached skill level 5 in Long Blades
  3959 | D:4      | Reached skill level 5 in Fighting
  4057 | D:4      | Your scales start taking on a pale cyan-grey colour.
  4057 | D:4      | Reached XP level 7. HP: 61/61 MP: 7/7
  4417 | D:4      | Found a staircase to the Ecumenical Temple.
  4438 | Temple   | Entered the Ecumenical Temple
  4807 | D:5      | Entered Level 5 of the Dungeon
  4952 | D:5      | Found a snail-covered altar of Cheibriados.
  5045 | D:5      | Found a glowing silver altar of Zin.
  5167 | D:5      | Reached XP level 8. HP: 60/70 MP: 8/8
  5446 | D:6      | Reached skill level 6 in Long Blades
  5446 | D:6      | Reached skill level 5 in Dodging
  5652 | D:6      | Reached skill level 7 in Long Blades
  5858 | D:6      | HP: 2/71 [wight/+5 battleaxe of freezing (5)]
  5858 | D:6      | Slain by a wight

Skill      XL: |  1  2  3  4  5  6  7  8 |
---------------+-------------------------+-----
Throwing       | 2 |  2.0
Dodging        | 3 4 5 |  5.7
Shields        | 1 2 4 |  4.0
Fighting       | 4 5 6 |  6.9
Long Blades    | 4 5 7 |  7.4

Action                   |  1- 3 |  4- 6 |  7- 9 || total
-------------------------+-------+-------+-------++-------
Melee: Long sword        |   136 |       |       ||   136
       Tailslap          |    11 |    26 |    34 ||    71
       Short sword       |       |   251 |   183 ||   434
 Abil: Breathe Steam     |       |       |     1 ||     1
  Use: Scroll            |     5 |     7 |     4 ||    16
       Potion            |     3 |       |     2 ||     5
 Stab: Sleeping          |     2 |     1 |     1 ||     4
       Distracted        |       |       |     1 ||     1
  Eat: Chunk             |     4 |    14 |     8 ||    26
Armor: Skin              |    76 |    50 |    28 ||   154
Dodge: Dodged            |   165 |    98 |    77 ||   340
Block: Other             |     2 |       |       ||     2
